 Dungeon Crawl Stone Soup version 0.21.0-25-ge575cb9 (webtiles) character file.

126 nikopol the Covered (level 5, -3/33 HPs)
             Began as a Gargoyle Fighter on Jan 22, 2018.
             Was an Initiate of Okawaru.
             Killed by divine providence
             ... invoked by an orc priest
              (10 damage)
             ... on level 3 of the Dungeon.
             The game lasted 00:06:41 (2083 turns).

nikopol the Covered (Gargoyle Fighter)              Turns: 2083, Time: 00:06:42

Health: -3/33      AC: 11    Str: 25    XL:     5   Next: 9%
Magic:  5/5        EV:  8    Int:  9    God:    Okawaru [......]
Gold:   146        SH:  9    Dex:  9    Spells: 4/4 levels left

rFire    . . .     SeeInvis .   a - +0 flail
rCold    . . .     Gourm    .   c - +0 shield
rNeg     + . .     Faith    .   b - +0 scale mail
rPois    ∞         Spirit   .   (no helmet)
rElec    +         Reflect  .   (no cloak)
rCorr    .         Harm     .   (no gloves)
MR       .....                  (no boots)
Stlth    ..........             (no amulet)
HPRegen  0.11/turn              (no ring)
MPRegen  0.09/turn              (no ring)

@: mighty
A: negative energy resistance 1, electricity resistance, unbreathing,
petrification resistance, rot immunity, AC +4
a: Renounce Religion


You were on level 3 of the Dungeon.
You worshipped Okawaru.
Okawaru was noncommittal.
You were hungry.

You visited 1 branch of the dungeon, and saw 4 of its levels.

You collected 146 gold pieces.

Inventory:

Hand Weapons
 a - a +0 flail (weapon)
Missiles
 p - 150 stones (quivered)
Armour
 b - a +0 scale mail (worn)
 c - a +0 shield (worn)
Jewellery
 t - a +4 ring of dexterity {unknown}
Scrolls
 e - a scroll of amnesia {unknown}
 i - a scroll of enchant weapon {unknown}
 j - 2 scrolls of remove curse {unknown}
 l - 5 scrolls of identify {unknown}
 m - a scroll of teleportation {unknown}
 q - 2 scrolls of magic mapping {unknown}
 r - a scroll of enchant armour {unknown}
Potions
 g - 3 potions of heal wounds {unknown}
 h - 2 potions of haste {unknown}
 k - a potion of ambrosia {unknown}
 n - a potion of invisibility {unknown}
 s - a potion of agility {unknown}
 u - a potion of curing {unknown}
Comestibles
 f - 7 rations


   Skills:
 + Level 3.7 Fighting
 + Level 3.1 Maces & Flails
 + Level 0.8 Throwing
 + Level 4.1 Armour
 + Level 1.1 Dodging
 + Level 3.9 Shields


You had 4 spell levels left.
You didn't know any spells.

Dungeon Overview and Level Annotations

Branches:
Dungeon (4/15)
 Temple: D:4-7

Altars:
Gozag
Makhleb
Nemelex Xobeh
Okawaru
Ru
Yredelemnul
The Shining One


Innate Abilities, Weirdness & Mutations

You are resistant to torment.
Your stone body is resilient. (AC +4)
You are immune to poison.
You resist negative energy. (rN+)
You are resistant to electric shocks. (rElec)
You can survive without breathing.
You are immune to petrification.
You are immune to rotting.


Message History

The adder bites you.
The orc priest invokes the aid of Beogh against you.
Pain shoots through your body!
* * * LOW HITPOINT WARNING * * *
You are feeling hungry.
Your shield and scale mail prevent you from hitting the orc priest.
The orc priest is severely wounded.
You block the adder's attack. The adder bites you but does no damage.
You block the orc priest's attack.
You barely miss the orc priest.
The orc priest is severely wounded.
The adder closely misses you.
The orc priest mumbles some strange prayers to Beogh against you.
Pain shoots through your body!
* * * LOW HITPOINT WARNING * * *
You block the adder's attack.
You feel very mighty all of a sudden.
The orc priest mumbles some strange prayers to Beogh against you.
Beogh smites you!
You die...

##.##.#####.#
#..#........#####
..###..##...#
#.....#.......... ###
#######.# #.#..##...#######
#######.#...#####.[....#.##
..........#.......#..#.#.#
####.#########.####..#.#.#
#.# #.# #..#.#.######## #.#
#.####..#........... #.#
#.o@Ss......######## #.#
#####..........# #.#
#..........# ####.#
#†.##...##.## .....#
#.)#.....#..#### ######
#....._......... #
#..#÷....#..#### ######
#..##...##.## ##...######
#..........#


You could see an orc priest, an adder and a giant cockroach.

Vanquished Creatures
  4 adders
  An ooze (D:3)
  3 worms
  A dart slug (D:2)
  2 leopard geckos
  4 orcs (D:3)
  4 ball pythons
  6 bats
  A giant cockroach (D:2)
  7 goblins
  12 hobgoblins
  3 jackals (D:2)
  A quokka (D:3)
  7 frilled lizards
  3 kobolds
  9 rats
68 creatures vanquished.

Notes
Turn   | Place    | Note
-------+----------+-------------------------------------------
     0 | D:1      | nikopol the Gargoyle Fighter began the quest for the Orb.
     0 | D:1      | Reached XP level 1. HP: 14/14 MP: 1/1
   111 | D:1      | Reached XP level 2. HP: 19/19 MP: 2/2
   430 | D:2      | Reached XP level 3. HP: 12/23 MP: 3/3
   823 | D:2      | Found a burning altar of Makhleb.
  1144 | D:2      | Found a sparkling altar of Nemelex Xobeh.
  1270 | D:3      | Reached XP level 4. HP: 29/29 MP: 4/4
  1312 | D:3      | Reached skill level 1 in Dodging
  1328 | D:3      | Found a sacrificial altar of Ru.
  1424 | D:3      | Found an iron altar of Okawaru.
  1439 | D:3      | Became a worshipper of Warmaster Okawaru
  1609 | D:3      | Reached skill level 4 in Armour
  1749 | D:3      | Reached XP level 5. HP: 31/33 MP: 5/5
  1917 | D:3      | Found a basalt altar of Yredelemnul.
  1919 | D:3      | Noticed a profane servitor
  1928 | D:3      | Found a glowing golden altar of the Shining One.
  1930 | D:3      | Noticed an angel
  2014 | D:3      | Found an opulent altar of Gozag.
  2083 | D:3      | Killed from afar by an orc priest

Skill      XL: |  1  2  3  4 |
---------------+-------------+-----
Dodging        | 1 |  1.1
Armour         | 4 |  4.1
Maces & Flails | 3 |  3.1
Fighting       | |  3.7
Throwing       | |  0.8
Shields        | |  3.9

Action                   |  1- 3 |  4- 6 || total
-------------------------+-------+-------++-------
Melee: Flail             |   156 |   118 ||   274
Throw: Stone             |    28 |    43 ||    71
  Use: Potion            |       |     1 ||     1
  Eat: Chunk             |     2 |     2 ||     4
Armor: Scale mail        |    79 |    71 ||   150
Dodge: Dodged            |    58 |    41 ||    99
Block: Shield            |   105 |    54 ||   159
